 Dungeon Crawl Stone Soup version 0.21-a0-401-g0b6bec4 (webtiles) character file.

8950 penrosetingle the Fiendish (level 11, 0/101 HPs)
             Began as a Troll Monk on Oct 24, 2017.
             Was a Priest of Makhleb.
             Slain by Erolcha
             ... wielding a +4 giant club
              (19 damage)
             ... on level 11 of the Dungeon.
             The game lasted 01:24:13 (8206 turns).

penrosetingle the Fiendish (Troll Monk)             Turns: 8206, Time: 01:24:14

Health: 0/101      AC:  7    Str: 24    XL:     11   Next: 16%
Magic:  19/19      EV: 12    Int:  6    God:    Makhleb [***...]
Gold:   256        SH:  0    Dex: 12    Spells: 10/10 levels left

rFire    + . .     SeeInvis .   d - +5 quarterstaff
rCold    . . .     Gourm    +   (shield currently unavailable)
rNeg     . . .     Faith    .   J - +2 robe {MR+}
rPois    +         Spirit   .   (helmet restricted)
rElec    .         Reflect  .   (no cloak)
rCorr    .         Harm     .   (gloves unavailable)
MR       +....                  (boots unavailable)
Stlth    ++........             y - amulet of regeneration
HPRegen  1.06/turn              N - ring of poison resistance
MPRegen  0.16/turn              C - ring of protection from fire

@: about to teleport
A: unfitting armour, claws 3, fast metabolism 3, gourmand, regeneration 1,
shaggy fur 1, tough skin 2
a: Minor Destruction, Lesser Servant of Makhleb, Renounce Religion


You were on level 11 of the Dungeon.
You worshipped Makhleb.
Makhleb was most pleased with you.
You were very full.

You visited 2 branches of the dungeon, and saw 12 of its levels.

You collected 531 gold pieces.
You spent 275 gold pieces at shops.

Inventory:

Hand Weapons
 a - a +0 spear
 d - a +5 quarterstaff (weapon)
 l - a +0 dagger
 q - a +0 shortbow
 G - a +1 rapier of protection
 Q - a +0 scimitar of flaming
Missiles
 h - 284 stones (quivered)
 t - 147 arrows
Armour
 B - a +1 robe
 J - a +2 robe of magic resistance (worn)
Jewellery
 w - an uncursed amulet of faith
 y - an amulet of regeneration (around neck)
 C - a ring of protection from fire (right claw)
 N - a ring of poison resistance (left claw)
Wands
 H - a wand of iceblast (3/15)
 K - a wand of flame (12/48)
 L - a wand of digging (9/24)
 T - a wand of lightning (0/15)
 W - a wand of flame (9/48)
Scrolls
 b - a scroll of immolation {unknown}
 e - 7 scrolls of identify
 k - a scroll of recharging {unknown}
 o - 2 scrolls of fog
 p - a scroll of amnesia
 s - a scroll of enchant weapon
 z - 2 scrolls of remove curse
 D - a scroll of fear {unknown}
 E - 2 scrolls of teleportation
 M - a scroll of enchant armour
 O - a scroll of torment {unknown}
 P - a scroll of summoning {unknown}
 R - a scroll of brand weapon {unknown}
 S - a scroll of random uselessness {unknown}
Potions
 f - 5 potions of curing {unknown}
 g - 2 potions of degeneration
 j - 6 potions of lignification {unknown}
 m - 3 potions of brilliance {unknown}
 n - 4 potions of heal wounds {unknown}
 r - 2 potions of agility {unknown}
 u - a potion of ambrosia {unknown}
 x - 2 potions of haste
 A - 2 potions of resistance {unknown}
 F - a potion of cancellation {unknown}
 I - 2 potions of mutation {unknown}
 V - 2 potions of flight {unknown}
Books
 U - a book of Changes

   Spells                             Type                      Level
   a - Beastly Appendage              Transmutation                1
   b - Sticks to Snakes               Transmutation                2
   c - Spider Form                    Transmutation/Poison         3
   d - Ice Form                       Ice/Transmutation            4
   e - Blade Hands                    Transmutation                5
Comestibles
 c - 10 bread rations
 i - 12 fruits
 v - 3 meat rations


   Skills:
 + Level 4.5 Fighting
 + Level 1.2 Long Blades
   Level 0.8(3.7) Maces & Flails
 + Level 2.6(4.3) Polearms
 + Level 5.3(5.7) Staves
 + Level 4.9 Dodging
 - Level 1.0 Stealth
 + Level 12.7 Invocations
 + Level 0.6 Evocations


You had 10 spell levels left.
You didn't know any spells.

Dungeon Overview and Level Annotations

Branches:
Dungeon (11/15)            Temple (1/1) D:6            Lair (0/6) D:10
    Orc: D:9-12

Altars:
Ashenzari
Cheibriados
Dithmenos
Elyvilon
Fedhas
Gozag
Hepliaklqana
Kikubaaqudgha
Makhleb
Nemelex Xobeh
Okawaru
Qazlal
Ru
Sif Muna
Trog
Uskayaw
Vehumet
Wu Jian
Xom
Yredelemnul
Zin
The Shining One

Shops:
D:4 ([:=   D:6 [

Annotations:
D:11 Erolcha


Innate Abilities, Weirdness & Mutations

You are too large for most types of armour.
You have claws for hands.
Your metabolism is lightning-fast.
You like to eat raw meat.
Your natural rate of healing is unusually fast.
You are covered in fur. (AC +1)
You have very tough skin. (AC +2)


Message History

The zap hits Erolcha.
Erolcha is moderately wounded.
Press: ? - help, Shift-Dir - straight line, f/p - Erolcha
Aim: Erolcha, wielding an enchanted giant club and wearing a robe (moderately wounded, covered in acid)
The fireball explodes!
The fireball engulfs Erolcha.
Erolcha is severely wounded.
The fireball engulfs you! You resist.
You hear an angry hiss.
You hear a shout!
Erolcha casts a spell at you. The bolt of lightning hits you!
A water moccasin comes into view.
A demon appears!
You can no longer hurl Makhleb's greater destruction.
Erolcha gestures at you while chanting. The stone arrow hits you!
* * * LOW HITPOINT WARNING * * *
As you read the scroll of teleportation, it crumbles to dust.
You feel strangely unstable.
Erolcha hits you with an enchanted giant club!!
You die...

****,,* *,,,*
#.#####..####...# *,,*
*,,,* #...............#
*,,* *,,,*
#..####.........# *,,*
*,,,* #[.# #..####..,**
*,,* *,,,* #..# #..#
*,.,,, *,,* *,,,* #..#
#..# *,,,,. *,,* *,,,*
#3.# #..# *,,,.. *,,*
*,,,* #..# #..# *,,***
*,,* *,,,**#@.# *..# *,,*
*,,* #.......O#***,,*
*,,*
****,,***#.....?....,,,,*
*,,*
,,,,,,,,,...........S.,,*
*,,*
,,,,,,,,,....###.#####..*
*,,* ,,,,,****#...* #.#
*,.* *,,* ****,* #..,*
#.# *,,****,,* * *,*
#.,,* #.# *,,,,,,,,*** *
*,* *,,,* *,*
*,,,,,,,,,,,


You could see Erolcha, a water moccasin and a friendly smoke demon.

Vanquished Creatures
  The ghost of Syneil the Cleaver, a novice MiBe of Trog (D:7)
  Pikel (D:7)
  The ghost of scotchgp the Skirmisher, a novice GnWn of Yredelemnul (D:4)
  2 trolls
  2 hippogriffs
  Grinder (D:4)
  A spriggan (D:7)
  Grum (D:9)
  Menkaure (D:6)
  2 porcupines (D:10)
  4 black bears
  Duvessa (D:7)
  2 orc warriors
  3 phantoms
  4 ice beasts
  An eye of draining (D:11)
  3 ogres
  2 wolves (D:9)
  4 centaurs
  A crocodile (D:10)
  11 bullfrogs
  A wyvern zombie (D:7)
  2 scorpions
  4 killer bees (D:10)
  A bullfrog zombie (D:10)
  A centaur zombie (D:8)
  4 crimson imps
  A hound (D:7)
  A quasit (D:7)
  6 orc priests
  A jelly (D:6)
  A centaur skeleton (D:7)
  A bullfrog skeleton (D:7)
  12 orc wizards
  Natasha (twice) (D:4)
  An iguana (D:10)
  6 worker ants
  Robin (D:3)
  3 gnolls (D:6)
  11 adders
  An ooze (D:4)
  An adder skeleton (D:7)
  2 worms (D:2)
  A dart slug (D:3)
  4 leopard geckos
  21 orcs
  A bat zombie (D:2)
  7 giant cockroaches
  8 hobgoblins
  6 jackals
  4 quokkas
  A ball python (D:2)
  11 bats
  A frilled lizard (D:1)
  18 goblins
  6 kobolds
  3 rats (D:2)
  2 rat zombies (D:2)
207 creatures vanquished.

Vanquished Creatures (collateral kills)
  A two-headed ogre (D:10)
  Erica (D:9)
  Joseph (D:9)
  A troll (D:9)
  Prince Ribbit (D:7)
  3 ogres
  Dowan (D:7)
  A hound (D:7)
  Natasha (D:4)
  A worker ant (D:7)
  A hound skeleton (D:4)
  An adder (D:4)
  A leopard gecko (D:4)
  4 orcs
  A giant cockroach (D:4)
20 creatures vanquished.

Vanquished Creatures (others)
  20 fungi (D:10)
20 creatures vanquished.

Grand Total: 247 creatures vanquished

Notes
Turn   | Place    | Note
-------+----------+-------------------------------------------
     0 | D:1      | penrosetingle the Troll Monk began the quest for the Orb.
     0 | D:1      | Reached XP level 1. HP: 22/22 MP: 0/0
   144 | D:1      | Reached XP level 2. HP: 20/29 MP: 1/1
   578 | D:2      | Reached XP level 3. HP: 33/36 MP: 2/2
   612 | D:2      | Found a sacrificial altar of Ru.
   612 | D:2      | Found a burning altar of Makhleb.
   617 | D:2      | Became a worshipper of Makhleb the Destroyer
   617 | D:2      | Reached * piety under Makhleb
   617 | D:2      | Reached ** piety under Makhleb
   841 | D:2      | Found a sacrificial altar of Ru.
   851 | D:2      | Reached skill level 1 in Invocations
   851 | D:2      | Reached XP level 4. HP: 45/45 MP: 3/3
  1145 | D:2      | Found an ancient bone altar of Kikubaaqudgha.
  1260 | D:3      | Noticed a centaur
  1271 | D:3      | Killed a centaur
  1271 | D:3      | Reached skill level 2 in Invocations
  1271 | D:3      | Reached XP level 5. HP: 16/53 MP: 4/6
  1558 | D:3      | Noticed Robin
  1578 | D:3      | Reached skill level 3 in Invocations
  1602 | D:3      | Reached *** piety under Makhleb
  1615 | D:3      | Killed Robin
  1813 | D:3      | Reached XP level 6. HP: 61/61 MP: 7/7
  2281 | D:4      | Reached skill level 4 in Invocations
  2321 | D:4      | Noticed Natasha
  2324 | D:4      | Noticed scotchgp's ghost (novice GnWn)
  2330 | D:4      | Killed Natasha
  2330 | D:4      | Reached skill level 1 in Staves
  2347 | D:4      | Killed scotchgp's ghost
  2347 | D:4      | Reached skill level 5 in Invocations
  2347 | D:4      | Reached XP level 7. HP: 48/67 MP: 8/10
  2358 | D:4      | Noticed Natasha
  2359 | D:4      | Killed Natasha
  2381 | D:4      | Found Jutogg's Book Emporium.
  2433 | D:4      | Noticed Natasha
  2451 | D:4      | Killed Natasha
  2451 | D:4      | Reached skill level 6 in Invocations
  2500 | D:4      | Found Ydghal's Jewellery Shoppe.
  2549 | D:4      | Found a stormy altar of Qazlal.
  2618 | D:4      | Found Qucum's Antique Armour Boutique.
  2626 | D:4      | Noticed Grinder
  2632 | D:4      | Paralysed by Grinder for 6 turns
  2665 | D:4      | Killed Grinder
  2699 | D:4      | Found Qyrigyep's Antique Weapon Shop.
  2828 | D:5      | Entered Level 5 of the Dungeon
  2863 | D:5      | Reached skill level 7 in Invocations
  2863 | D:5      | Reached XP level 8. HP: 75/75 MP: 12/12
  2931 | D:5      | Found a shadowy altar of Dithmenos.
  2936 | D:5      | Found a hide-covered altar of Uskayaw.
  2941 | D:5      | Found a basalt altar of Yredelemnul.
  3333 | D:5      | Found a bloodstained altar of Trog.
  3568 | D:6      | Found a staircase to the Ecumenical Temple.
  3602 | D:6      | Found Diuqacy's Armour Shoppe.
  3647 | D:6      | Reached skill level 8 in Invocations
  3669 | D:6      | Found an ornate altar of the Wu Jian Council.
  3751 | D:6      | Found an iron altar of Okawaru.
  3834 | D:6      | Noticed Menkaure
  3841 | D:6      | Killed Menkaure
  3887 | D:6      | Found a shimmering altar of Xom.
  3893 | D:6      | Found a stormy altar of Qazlal.
  3893 | D:6      | Found a white marble altar of Elyvilon.
  3912 | D:6      | Found an iron altar of Okawaru.
  3912 | D:6      | Found a snail-covered altar of Cheibriados.
  3912 | D:6      | Found a radiant altar of Vehumet.
  4099 | Temple   | Entered the Ecumenical Temple
  4255 | D:7      | Noticed Syneil's ghost (novice MiBe)
  4261 | D:7      | Reached skill level 9 in Invocations
  4283 | D:7      | Noticed Pikel
  4303 | D:7      | Noticed Duvessa
  4304 | D:7      | Noticed Prince Ribbit
  4304 | D:7      | Noticed Dowan
  4312 | D:7      | Killed Duvessa
  4312 | D:7      | Reached XP level 9. HP: 52/83 MP: 14/14
  4316 | D:7      | Killed Dowan
  4321 | D:7      | Killed Prince Ribbit
  4505 | D:7      | Killed Syneil's ghost
  4543 | D:7      | Killed Pikel
  4543 | D:7      | Reached skill level 10 in Invocations
  4715 | D:7      | Found a glowing silver altar of Zin.
  5224 | D:8      | Reached XP level 10. HP: 92/92 MP: 16/16
  5445 | D:9      | Noticed Grum
  5452 | D:9      | Killed Grum
  5562 | D:9      | Found a blossoming altar of Fedhas.
  5689 | D:9      | Reached skill level 11 in Invocations
  5737 | D:9      | Noticed Erica
  5776 | D:9      | Killed Erica
  5899 | D:9      | HP: 1/94 [troll (6)]
  5904 | D:9      | Reached skill level 5 in Staves
  6007 | D:9      | Noticed Joseph
  6033 | D:9      | Killed Joseph
  6453 | D:9      | Found a radiant altar of Vehumet.
  6713 | D:4      | Bought a book of Changes for 275 gold pieces
  7156 | D:10     | Entered Level 10 of the Dungeon
  7172 | D:10     | Noticed a two-headed ogre
  7179 | D:10     | Killed a two-headed ogre
  7179 | D:10     | Reached skill level 12 in Invocations
  7213 | D:10     | Reached skill level 1 in Long Blades
  7442 | D:10     | Reached XP level 11. HP: 101/101 MP: 19/19
  7598 | D:10     | Found a snail-covered altar of Cheibriados.
  7788 | D:10     | Found a staircase to the Lair.
  8149 | D:11     | Found a shadowy altar of Dithmenos.
  8190 | D:11     | Reached **** piety under Makhleb
  8200 | D:11     | Noticed Erolcha
  8206 | D:11     | Slain by Erolcha

Vault maps used:
D:1:      nzn_arrival_crosshair, minmay_pentomino_p4
D:2:      lemuel_zombie_altar_kikubaaqudgha, gammafunk_temple_overflow_wave,
          st_stairs_9, grunt_ministairs_3, nicolae_ru_great_annihilating_truth
D:3:      first_bread, uniq_robin
D:4:      marbit_many_paths, serial_shops, nicolae_shop_behind_doors, shop,
          kennysheep_mini_moat, nicolae_shop_stone, uniq_natasha, uniq_grinder
D:5:      kennysheep_little_box, minitemple, minivault_14
D:6:      okawaru_metal_pillars_1_2, old_standard_altar, temple_statues,
          serial_shops, nicolae_shop_crystal, doesnt_xom_only_xom, uniq_menkaure
D:7:      zin_statuary, the_bakery, uniq_duvessa, uniq_prince_ribbit1,
          uniq_pikel
D:9:      lemuel_crystal_altar, hangedman_decor_riveting,
          fedhas_altar_fruit_tree, uniq_grum, uniq_erica, uniq_joseph
D:10:     due_lair_maze_entry_diamond, basic_altar, kennysheep_doodads
D:11:     basic_altar, grunt_dithmenos_smoke_and_mirrors, uniq_fannar,
          uniq_urug, uniq_erolcha
Temple:   cyrus_temple_forest

Skill      XL: |  1  2  3  4  5  6  7  8  9 10 |
---------------+-------------------------------+-----
Dodging        | 3 4 |  4.9
Fighting       | 3 4 |  4.5
Invocations    | 1 2 3 5 7 9 10 12 | 12.7
Staves         | 1 3 4 5 |  5.3
Long Blades    | 1 |  1.2
Maces & Flails | |  0.8
Polearms       | |  2.6
Stealth        | |  1.0
Evocations     | |  0.6

Action                   |  1- 3 |  4- 6 |  7- 9 | 10-12 || total
-------------------------+-------+-------+-------+-------++-------
Melee: Spear             |    80 |       |       |       ||    80
       Quarterstaff      |    14 |    25 |   126 |    91 ||   256
       Scimitar          |       |       |       |     8 ||     8
Throw: Stone             |     4 |       |       |       ||     4
Invok: Minor Destruction |    21 |    98 |   156 |   152 ||   427
       Lesser Servant of |       |     1 |     3 |     8 ||    12
       Major Destruction |       |       |       |     1 ||     1
Evoke: Wand              |       |       |       |     3 ||     3
  Use: Scroll            |     2 |     1 |     4 |     4 ||    11
 Stab: Paralysed         |       |     1 |       |       ||     1
       Sleeping          |       |       |       |     1 ||     1
  Eat: Chunk             |    13 |    14 |    26 |    27 ||    80
Armor: Robe              |    34 |    15 |    36 |    44 ||   129
Dodge: Dodged            |    52 |    28 |   112 |    80 ||   272
       Rpst.: Scimitar   |       |       |       |     1 ||     1

Table legend:
 A = Spawn XP
 B = Non-spawn XP
 C = Spawn XP percentage of total XP
 D = Spawn monster count
 E = Non-spawn monster count
 F = Spawn count percentage of total count
 G = Total turns spent on level
                    A         B        C        D         E        F      G
               +---------+---------+-------+---------+---------+-------+---------
         Total |       0 |   12787 |   0.0 |       0 |     227 |   0.0 |  8206
               +---------+---------+-------+---------+---------+-------+---------
           D:1 |       0 |      33 |   0.0 |       0 |      19 |   0.0 |   484
           D:2 |       0 |     122 |   0.0 |       0 |      33 |   0.0 |   739
           D:3 |       0 |     256 |   0.0 |       0 |      30 |   0.0 |  1040
           D:4 |       0 |    1000 |   0.0 |       0 |      20 |   0.0 |   759
           D:5 |       0 |     413 |   0.0 |       0 |       9 |   0.0 |   862
           D:6 |       0 |     815 |   0.0 |       0 |      12 |   0.0 |   604
           D:7 |       0 |    2560 |   0.0 |       0 |      24 |   0.0 |   716
           D:8 |       0 |     384 |   0.0 |       0 |       8 |   0.0 |   658
           D:9 |       0 |    3349 |   0.0 |       0 |      31 |   0.0 |  1201
          D:10 |       0 |    3387 |   0.0 |       0 |      36 |   0.0 |   941
          D:11 |       0 |     468 |   0.0 |       0 |       5 |   0.0 |   109
               +---------+---------+-------+---------+---------+-------+---------
